 Dungeon Crawl Stone Soup version 0.17-a0-1562-g9b2c768 (webtiles) character file.

225 Pandaemon the Skirmisher (level 5, -2/47 HPs)
             Began as a Draconian Berserker on July 21, 2015.
             Was a Priest of Trog.
             Slain by an adder (5 damage)
             ... on level 3 of the Dungeon.
             The game lasted 00:08:01 (2285 turns).

Pandaemon the Skirmisher (Draconian Berserker)      Turns: 2285, Time: 00:08:01

Health: -2/47      AC:  6    Str: 20    XL:     5   Next: 68%
Magic:  1/1        EV: 13    Int: 13    God:    Trog [***...]
Gold:   54         SH:  0    Dex: 10    Spells: 0 memorised, 4 levels left

rFire  . . .     SeeInvis .     m - +1 mace (antimagic)
rCold  . . .     Clarity  .     (armour unavailable)
rNeg   . . .     SustAt   .     (no shield)
rPois  .         Gourm    .     (helmet restricted)
rElec  .         Spirit   .     (no cloak)
rCorr  .         Warding  .     r - +0 pair of gloves
rMut   .         Stasis   .     (no boots)
MR     .....                    (no amulet)
Stlth  +.........               (no ring)
                                (no ring)

@: brilliant, exhausted, slowed, very slow, not resistant to hostile
enchantments, very unstealthy
A: unfitting armour, cold-blooded, AC +5
a: Burn Spellbooks, Berserk, Trog's Hand, Renounce Religion


You were on level 3 of the Dungeon.
You worshipped Trog.
Trog was most pleased with you.
You were very hungry.

You visited 1 branch of the dungeon, and saw 3 of its levels.

You collected 54 gold pieces.

Inventory:

Hand weapons
 a - a +0 hand axe
 j - a +2 dagger of electrocution
 l - a +0 dagger of holy wrath
 m - a +1 antimagic mace (weapon)
Armour
 r - a +0 pair of gloves (worn)
Jewellery
 e - a +5 ring of slaying {unknown}
 q - a cursed ring of loudness {unknown}
Scrolls
 c - 2 scrolls of immolation {unknown}
 d - 3 scrolls of identify {unknown}
 f - a scroll of noise {unknown}
 g - a scroll of enchant weapon {unknown}
 n - a scroll of recharging {unknown}
 p - a scroll of magic mapping {unknown}
Potions
 h - a potion of agility {unknown}
 i - a potion of resistance {unknown}
 o - a potion of brilliance
 t - 2 potions of flight {unknown}
Comestibles
 b - 4 bread rations
 k - a beef jerky
 s - 2 chunks of flesh


   Skills:
 + Level 4.4 Fighting
 - Level 3.5(3.7) Axes
 * Level 1.3(2.6) Maces & Flails
 + Level 4.4 Dodging
 + Level 1.5 Stealth


You had 4 spell levels left.
You didn't know any spells.

Dungeon Overview and Level Annotations

Branches:
Dungeon (3/15)

Altars:


Innate Abilities, Weirdness & Mutations

Your plain brown scales are hard (AC +5).
Your body does not fit into most forms of armour.
You are cold-blooded and may be slowed by cold attacks.


Message History

You pass out from exhaustion.
You feel yourself slow down.
You are feeling very hungry.
You feel sick. The adder bites you.
* * * LOW HITPOINT WARNING * * *
The adder bites you but does no damage. x2
The adder bites you.
* * * LOW HITPOINT WARNING * * *
The adder bites you.
* * * LOW HITPOINT WARNING * * *
You can move again.
It was a potion of brilliance.
You feel clever all of a sudden.
You feel sick.
You are no longer poisoned.
The adder closely misses you. The adder bites you but does no damage.
You hit the adder.
The adder is lightly wounded.
The adder bites you.
You die...

#.# #......(...##.
#.####...............
#(...)(†............
#..####.............
.....###............#
...................####
#.#...##..............#.
........................
#....###........@.......
...........#.....S.#.#..
#...#....##/###
..#.###..##[# ###
###..##)### #.........#
#.####..#.# #. ##.....
........


You could see an adder.

Vanquished Creatures
  An orc priest (D:3)
  A worker ant (D:3)
  Terence (D:2)
  Robin (D:2)
  3 adders
  An ooze (D:2)
  A worm (D:2)
  3 giant geckos
  8 orcs
  3 bats
  3 giant cockroaches
  16 goblins
  10 hobgoblins
  10 jackals
  8 kobolds
  2 giant newts (D:1)
  13 rats
85 creatures vanquished.

Vanquished Creatures (others)
  A jackal (D:3)
1 creature vanquished.

Grand Total: 86 creatures vanquished

Notes
Turn   | Place    | Note
--------------------------------------------------------------
     0 | D:1      | Pandaemon the Draconian Berserker began the quest for the Orb.
     0 | D:1      | Reached XP level 1. HP: 19/19 MP: 1/1
    96 | D:1      | Reached XP level 2. HP: 17/26 MP: 2/2
   377 | D:1      | Acquired Trog's second power
   747 | D:2      | Reached XP level 3. HP: 30/33 MP: 3/3
   943 | D:2      | Noticed Robin
   970 | D:2      | Killed Robin
   975 | D:2      | Reached XP level 4. HP: 13/40 MP: 4/4
  1491 | D:2      | Noticed Terence
  1509 | D:2      | Killed Terence
  1509 | D:2      | Reached skill level 4 in Fighting
  1509 | D:2      | Reached skill level 1 in Stealth
  2061 | D:3      | Reached XP level 5. HP: 46/46 MP: 1/5
  2108 | D:3      | Reached skill level 1 in Maces & Flails
  2285 | D:3      | Slain by an adder

Vault maps used:
D:1:      matt_arrival_los_fun, glass_columns_a, minmay_fountain_box,
          hangedman_decor_growths
D:2:      guppyfry_early_orc_mine, uniq_robin, uniq_terence,
          uniq_crazy_yiuf_cottage
D:3:      grunt_temple_overflow_lords_of_destruction, first_bread,
          kennysheep_generic_room_16

Action                   |  1- 3 |  4- 6 || total
-------------------------+-------+-------++-------
Melee: Hand axe          |   118 |    26 ||   144
       Mace              |       |    61 ||    61
Invok: Berserk           |       |     3 ||     3
  Use: Potion            |       |     1 ||     1
 Stab: Sleeping          |     1 |     2 ||     3
  Eat: Chunk             |       |     2 ||     2
       Bread ration      |       |     1 ||     1
